 Dungeon Sprint DCSS version 0.16.1-11-g651b585 (webtiles) character file.

940 karlm the Cleaver (level 7, -2/72 HPs)
             Began as a Minotaur Berserker on Apr 5, 2015.
             Was an Elder of Trog.
             Slain by a demonic crawler (8 damage)
             ... in the Dungeon (Sprint I: "Red Sonja").
             The game lasted 00:01:37 (562 turns).

karlm the Cleaver (Minotaur Berserker)               Turns: 562, Time: 00:01:37

Health: -2/72      AC:  2    Str: 22    XL:     7   Next: 88%
Magic:  3/3        EV: 16    Int:  4    God:    Trog [****..]
Gold:   405        SH:  0    Dex: 11    Spells: 0 memorised, 6 levels left

rFire  . . .     SeeInvis .     a - +0 hand axe
rCold  . . .     Clarity  .     b - +0 animal skin
rNeg   . . .     SustAb   .     (no shield)
rPois  .         Gourm    .     (helmet restricted)
rElec  .         Spirit   .     (no cloak)
rCorr  .         Warding  .     (no gloves)
rMut   .         NoTele   +     (no boots)
MR     .....                    (no amulet)
Stlth  +.........               (no ring)
                                (no ring)

@: exhausted, slowed, very slow, not resistant to hostile enchantments, very
unstealthy
A: retaliatory headbutt, horns 2
a: Burn Spellbooks, Berserk, Trog's Hand, Brothers in Arms, Renounce Religion


You were in the Dungeon.
You worshipped Trog.
Trog was greatly pleased with you.
You were not hungry.

You visited 1 branch You collected 405 gold pieces.

Inventory:

Hand weapons
 a - a +0 hand axe (weapon)
Armour
 b - a +0 animal skin (worn)
Scrolls
 i - a scroll of blinking
 j - 3 scrolls of recharging {unknown}
Potions
 d - a potion of curing
 e - a potion of heal wounds
 f - a potion of haste
 g - 2 potions of magic
 h - a potion of berserk rage


   Skills:
 + Level 10.0 Fighting
 * Level 13.1 Axes
 + Level 9.6 Armour
 + Level 8.7 Dodging


You had 6 spell levels left.
You didn't know any spells.

Dungeon Overview and Level Annotations

Branches:
Dungeon (1/1)

Altars:
Cheibriados
Dithmenos
Fedhas
Sif Muna
Vehumet
Jiyva


Innate Abilities, Weirdness & Mutations

You reflexively headbutt those who attack you in melee.
You have a pair of horns on your head.


Message History

The demonic crawler waves its antennae.
The demonic crawler misses you. You furiously retaliate!
You headbutt the demonic crawler, but do no damage.
The demonic crawler closely misses you. The demonic crawler hits you!
The demonic crawler hits you! x2
The demonic crawler hits you. The demonic crawler hits you!
The demonic crawler closely misses you. x2
The demonic crawler hits you!
* * * LOW HITPOINT WARNING * * *
The demonic crawler closely misses you. The demonic crawler hits you.
* * * LOW HITPOINT WARNING * * *
The demonic crawler misses you. You furiously retaliate!
You headbutt the demonic crawler! The demonic crawler hits you!
* * * LOW HITPOINT WARNING * * *
The demonic crawler misses you.
There is an open door, spattered with blood here.
The demonic crawler waves its antennae.
The demonic crawler completely misses you.
The demonic crawler hits you!
You die...

######################
..)..#..'..#__#..ss..#
).#..').#..'..'.@#.s.##+#
####'#####'#__####...'..#
#..#...#.#### #####..+
####..##)#≈§§.c ##
##'#..+≈§≈§ +..._#≈§§§c#
#_.#'##+#### ##+#(# ###


You could see 2 demonic crawlers.

Vanquished Creatures
  2 kobold demonologists (D)
  A slime creature (D)
  An ogre (D)
  Sigmund (D)
  A jelly (D)
  Ijyb (D)
  A giant eyeball (D)
8 creatures vanquished.

Notes
Turn   | Place    | Note
--------------------------------------------------------------
     0 | D        | karlm, the Minotaur Berserker, began the quest for the Orb.
     0 | D        | Reached XP level 1. HP: 19/19 MP: 1/1
     1 | D        | Noticed Ijyb
     9 | D        | Killed Ijyb
     9 | D        | Reached skill level 4 in Fighting
     9 | D        | Reached skill level 5 in Axes
     9 | D        | Reached XP level 2. HP: 17/28 MP: 1/1
   114 | D        | Noticed an ogre
   117 | D        | Killed an ogre
   117 | D        | Reached skill level 5 in Fighting
   117 | D        | Reached skill level 7 in Axes
   117 | D        | Reached skill level 5 in Armour
   117 | D        | Reached XP level 3. HP: 37/37 MP: 2/2
   117 | D        | Reached XP level 4. HP: 44/44 MP: 2/2
   134 | D        | Noticed Sigmund
   149 | D        | Killed Sigmund
   149 | D        | Acquired Trog's second power
   149 | D        | Reached skill level 8 in Axes
   149 | D        | Reached skill level 5 in Dodging
   149 | D        | Reached XP level 5. HP: 19/51 MP: 2/2
   338 | D        | Found a deep blue altar of Sif Muna.
   339 | D        | Noticed a jelly
   340 | D        | Found a radiant altar of Vehumet.
   342 | D        | Killed a jelly
   342 | D        | Reached skill level 9 in Axes
   372 | D        | Noticed a centaur warrior
   374 | D        | Noticed a centaur warrior
   380 | D        | Found a snail-covered altar of Cheibriados.
   380 | D        | Found a viscous altar of Jiyva.
   380 | D        | Found a shadowy altar of Dithmenos.
   380 | D        | Found a blossoming altar of Fedhas.
   380 | D        | Noticed a slime creature
   387 | D        | Killed a slime creature
   387 | D        | Reached skill level 11 in Axes
   387 | D        | Reached XP level 6. HP: 49/61 MP: 3/3
   526 | D        | Noticed a kobold demonologist
   527 | D        | Noticed a kobold demonologist
   528 | D        | Noticed an ice devil
   534 | D        | Killed a kobold demonologist
   534 | D        | Reached skill level 12 in Axes
   534 | D        | Reached XP level 7. HP: 70/70 MP: 3/3
   538 | D        | Killed a kobold demonologist
   538 | D        | Reached skill level 10 in Fighting
   538 | D        | Reached skill level 13 in Axes
   540 | D        | Paralysed by a giant eyeball for 2 turns
   545 | D        | Acquired Trog's third power
   558 | D        | Noticed a demonic crawler
   558 | D        | Noticed a demonic crawler
   558 | D        | Noticed a demonic crawler
   558 | D        | Noticed a demonic crawler
   562 | D        | Slain by a demonic crawler

Action                   |  1- 3 |  4- 6 |  7- 9 || total
-------------------------+-------+-------+-------++-------
Melee: Hand axe          |     9 |    27 |     7 ||    43
Invok: Berserk           |     1 |     2 |       ||     3
  Eat: Bread ration      |       |     1 |       ||     1
